 Dungeon Sprint DCSS version 0.23.2-1-ga50397a (webtiles) character file.

Game seed: 14681749120466844582

1745 doot the Cleaver (level 8, -2/81 HPs)
             Began as a Minotaur Fighter on Apr 24, 2019.
             Was the Champion of Qazlal.
             Slain by a redback (11 damage)
             ... in the Dungeon (Sprint VII: "The Pits").
             The game lasted 00:02:24 (659 turns).

doot the Cleaver (Minotaur Fighter)                  Turns: 659, Time: 00:02:24

Health: -2/81      AC: 17    Str: 23    XL:     8   Next: 77%
Magic:  7/7        EV:  9    Int:  5    God:    Qazlal [******]
Gold:   0          SH: 20    Dex: 10    Spells: 7/7 levels left

rFire    . . .     SeeInvis .   r - +2 hand axe (freeze)
rCold    . . .     Gourm    .   c - +0 shield
rNeg     . . .     Faith    .   s - +3 chain mail
rPois    .         Spirit   .   (helmet restricted)
rElec    .         Reflect  .   (no cloak)
rCorr    .         Harm     .   (no gloves)
MR       .....     NoTele   +   (no boots)
Stlth    ..........             (no amulet)
HPRegen  0.23/turn              (no ring)
MPRegen  0.10/turn              (no ring)

@: protected from physical damage, repel missiles
A: retaliatory headbutt, horns 2
a: Upheaval, Elemental Force, Disaster Area, Renounce Religion


You were in the Dungeon.
You worshipped Qazlal.
Qazlal was exalted by your worship.
You were not hungry.

You visited 1 branch

Inventory:

Hand Weapons
 a - a +0 war axe
 m - a +2 hand axe
 r - a +2 hand axe of freezing (weapon)
Armour
 b - a +0 scale mail
 c - a +0 shield (worn)
 s - a +3 chain mail (worn)
Scrolls
 k - a scroll of blinking
 o - 3 scrolls of remove curse
 p - 5 scrolls of amnesia
 q - a scroll of summoning
Potions
 d - a potion of might
 e - 5 potions of curing
 g - 6 potions of heal wounds
 h - a potion of haste
 i - 4 potions of magic
 j - 3 potions of berserk rage
 n - 2 potions of invisibility
Comestibles
 f - 9 rations


   Skills:
 + Level 10.6 Fighting
 + Level 13.9 Axes
 + Level 10.4 Armour
 + Level 3.9 Dodging
 + Level 1.4 Stealth
 + Level 11.8 Shields


You had 7 spell levels left.
You didn't know any spells.
Your spell library was empty.

Dungeon Overview and Level Annotations

Branches:
Dungeon (1/1)

Altars:
Ashenzari
Cheibriados
Dithmenos
Elyvilon
Fedhas
Gozag
Hepliaklqana
Kikubaaqudgha
Makhleb
Nemelex Xobeh
Okawaru
Qazlal
Ru
Sif Muna
Trog
Uskayaw
Vehumet
Wu Jian
Xom
Yredelemnul
Zin
The Shining One
Beogh
Jiyva
Lugonu


Innate Abilities, Weirdness & Mutations

You reflexively headbutt those who attack you in melee.
You have a pair of horns on your head.


Message History

You hit the redback. You freeze the redback.
You kill the redback!
Qazlal accepts your kill.
You slash the redback! You freeze the redback. You headbutt the redback.
The redback is severely wounded.
The redback barely misses you.
You miss the redback. You headbutt the redback.
The redback is severely wounded.
The redback bites you but does no damage.
You closely miss the redback.
The redback is severely wounded.
The redback bites you.
* * * LOW HITPOINT WARNING * * *
You closely miss the redback.
The redback is severely wounded.
Unknown command.
You hit the redback. You freeze the redback.
The redback is almost dead.
The redback bites you!
You die...

#.#..#####.##.......#
#.#..'...#÷##.......#
#.#..'...'.##.......#
#.#..########...<...#
#†#..'.)))[##.......#
#.#..#.).).##.......#
#'###########.......#
#.......#..##########
#.......#@## ###
#...#...#s# ...#
#..###..#r#.h..#
#...#...#h'....+
#...†...#'#....#
#.......).#....#
########### ####


You could see a redback, a wolf and a river rat.

Vanquished Creatures
  An orange demon (D)
  4 redbacks (D)
  A floating eye (D)
  5 wolves (D)
  A scorpion (D)
  3 hounds (D)
  An orc priest (D)
  A gnoll shaman (D)
  An iron imp (D)
  An iguana (D)
  A worker ant (D)
  2 gnolls (D)
  2 river rats (D)
  An ufetubus (D)
  An ooze (D)
  2 leopard geckos (D)
  A frilled lizard (D)
  A quokka skeleton (D)
30 creatures vanquished.

Notes
Turn   | Place    | Note
-------+----------+-------------------------------------------
     0 | D        | doot the Minotaur Fighter began the quest for the Orb.
     0 | D        | Reached XP level 1. HP: 19/19 MP: 0/0
    47 | D        | Found a glowing golden altar of the Shining One.
    47 | D        | Found a glowing silver altar of Zin.
    47 | D        | Found a basalt altar of Yredelemnul.
    47 | D        | Found a shimmering altar of Xom.
    47 | D        | Found an ornate altar of the Wu Jian Council.
    47 | D        | Found a bloodstained altar of Trog.
    47 | D        | Found a deep blue altar of Sif Muna.
    47 | D        | Found a sacrificial altar of Ru.
    47 | D        | Found a stormy altar of Qazlal.
    47 | D        | Found an iron altar of Okawaru.
    47 | D        | Found a sparkling altar of Nemelex Xobeh.
    47 | D        | Found a burning altar of Makhleb.
    47 | D        | Found a viscous altar of Jiyva.
    47 | D        | Found a hazy altar of Hepliaklqana.
    47 | D        | Found an opulent altar of Gozag.
    47 | D        | Found a blossoming altar of Fedhas.
    47 | D        | Found a white marble altar of Elyvilon.
    47 | D        | Found a shadowy altar of Dithmenos.
    47 | D        | Found a snail-covered altar of Cheibriados.
    48 | D        | Found a radiant altar of Vehumet.
    48 | D        | Found a corrupted altar of Lugonu.
    48 | D        | Found a roughly hewn altar of Beogh.
    49 | D        | Found a hide-covered altar of Uskayaw.
    49 | D        | Found an ancient bone altar of Kikubaaqudgha.
    49 | D        | Found a shattered altar of Ashenzari.
    54 | D        | Became a worshipper of Qazlal Stormbringer
    74 | D        | Reached skill level 3 in Axes
    74 | D        | Reached XP level 2. HP: 24/28 MP: 1/1
   120 | D        | Reached * piety under Qazlal
   120 | D        | Reached skill level 5 in Fighting
   120 | D        | Reached skill level 5 in Armour
   120 | D        | Reached skill level 5 in Shields
   130 | D        | Reached XP level 3. HP: 36/36 MP: 2/2
   228 | D        | Reached ** piety under Qazlal
   237 | D        | Reached skill level 4 in Axes
   240 | D        | Reached XP level 4. HP: 29/44 MP: 3/3
   442 | D        | Reached skill level 5 in Axes
   442 | D        | Reached skill level 1 in Dodging
   444 | D        | Reached *** piety under Qazlal
   444 | D        | Reached skill level 6 in Axes
   444 | D        | Reached XP level 5. HP: 47/51 MP: 4/4
   451 | D        | Noticed a floating eye
   458 | D        | Paralysed by a floating eye for 3 turns
   463 | D        | Killed a floating eye
   463 | D        | Reached skill level 7 in Axes
   466 | D        | Reached skill level 8 in Axes
   466 | D        | Reached XP level 6. HP: 61/61 MP: 5/5
   524 | D        | Reached **** piety under Qazlal
   534 | D        | Noticed an orange demon
   545 | D        | Killed an orange demon
   545 | D        | Reached skill level 10 in Axes
   545 | D        | Reached XP level 7. HP: 64/70 MP: 6/6
   586 | D        | Reached ***** piety under Qazlal
   586 | D        | Reached skill level 11 in Axes
   586 | D        | Reached skill level 10 in Shields
   596 | D        | Noticed a redback
   596 | D        | Noticed a redback
   596 | D        | Noticed a redback
   596 | D        | Noticed a redback
   596 | D        | Noticed a redback
   607 | D        | Killed a redback
   613 | D        | Killed a redback
   613 | D        | Reached skill level 12 in Axes
   613 | D        | Reached skill level 1 in Stealth
   613 | D        | Reached XP level 8. HP: 57/79 MP: 7/7
   621 | D        | Reached skill level 10 in Fighting
   621 | D        | Reached skill level 10 in Armour
   631 | D        | Reached skill level 13 in Axes
   643 | D        | Reached ****** piety under Qazlal
   659 | D        | Slain by a redback

Skill      XL: |  1  2  3  4  5  6  7  8 |
---------------+-------------------------+-----
Fighting       | 4 5 6 8 9 10 | 10.6
Armour         | 4 5 6 7 8 9 10 | 10.4
Shields        | 4 5 6 7 8 9 10 11 | 11.8
Axes           | 3 4 6 8 10 12 13 | 13.9
Dodging        | 1 2 3 |  3.9
Stealth        | 1 |  1.4

Action                   |  1- 3 |  4- 6 |  7- 9 || total
-------------------------+-------+-------+-------++-------
Melee: Hand axe          |    39 |    30 |    70 ||   139
       War axe           |     2 |       |       ||     2
       Headbutt          |     8 |     6 |    16 ||    30
  Use: Potion            |       |       |     1 ||     1
Armor: Scale mail        |    13 |       |       ||    13
       Chain mail        |       |    10 |    16 ||    26
Dodge: Dodged            |    14 |     2 |     3 ||    19
Block: Shield            |    23 |    22 |    38 ||    83
